 Dungeon Crawl Stone Soup version 0.26-a0-651-gb41185065b (webtiles) character file.

Game seed: 10851444288356645238

20 Lanoc the Shield-Bearer (level 3, -1/29 HPs)
             Began as a Formicid Fighter on Oct 19, 2020.
             Slain by an orc priest (3 damage)
             ... on level 3 of the Dungeon.
             The game lasted 00:00:49 (574 turns).

Lanoc the Shield-Bearer (Formicid Fighter)           Turns: 574, Time: 00:00:50

Health: -1/29      AC: 11    Str: 20    XL:     3   Next: 0%
Magic:  3/3        EV:  4    Int:  7    God:
Gold:   127        SH:  9    Dex: 11    Spells: 2/2 levels left

rFire    . . .     SeeInvis +   a - +0 war axe
rCold    . . .     Faith    .   c - +0 kite shield
rNeg     . . .     Spirit   .   i - +0 plate armour
rPois    .         Reflect  .   (helmet unavailable)
rElec    .         Harm     .   (no cloak)
rCorr    .         Rampage  .   (no gloves)
MR       .....                  (no boots)
Stlth    ..........             (no amulet)
HPRegen  0.09/turn              (no ring)
MPRegen  0.08/turn              (no ring)

@: mighty
A: permanent stasis, dig shafts and tunnels, four strong arms, antennae 3
a: Dig, Shaft Self


You were on level 3 of the Dungeon.
You visited 1 branch of the dungeon, and saw 3 of its levels.

You collected 127 gold pieces.

Inventory:

Hand Weapons
 a - a +0 war axe (weapon)
Armour
 c - a +0 kite shield (worn)
 i - a +0 plate armour (worn)
Scrolls
 e - a scroll of enchant weapon {unknown}
 h - a scroll of identify {unknown}
Potions
 g - a potion of heal wounds {unknown}


   Skills:
 + Level 3.4 Fighting
 * Level 2.4 Axes
 + Level 3.4 Armour
 + Level 0.6 Dodging
 + Level 3.8 Shields


You had 2 spell levels left.
You didn't know any spells.
Your spell library was empty.

Dungeon Overview and Level Annotations

Branches:
Dungeon (3/15)

Altars:


Innate Abilities, Weirdness & Mutations

You cannot be hasted, slowed, berserked, paralysed or teleported.
You can dig through walls and to a lower floor.
Your four strong arms can wield two-handed weapons with a shield.
You have a pair of large antennae on your head. (SInv)


Message History

You feel very mighty all of a sudden. The bat hits you but does no damage.
The orc wizard casts a spell.
The orc wizard flickers and vanishes for a moment.
Your plate armour prevents you from hitting the orc priest.
You miss the bat. You barely miss the orc priest.
You closely miss the orc priest. You closely miss the bat. The bat hits you.
The bat hits you but does no damage. You block the bat's attack.
The orc priest hits you but does no damage.
The orc priest calls down the wrath of Beogh upon you.
Beogh smites you!
* * * LOW HITPOINT WARNING * * *
The orc priest mumbles some strange prayers to Beogh against you.
You barely resist. You block the bat's attack. The orc priest hits you.
* * * LOW HITPOINT WARNING * * *
The orc priest hits you but does no damage. x2
It was a potion of haste.
Your stasis prevents you from being hasted.
The bat barely misses you. You block the orc's attack. The orc priest hits you.
You die...

...##.######
...........#
...........####
.>.............
#..o..gb....
#...boo...#
#...ooo...#### .
#o@o.....# #. .
#........# #.# .
#........# #.# #
#........# #.#####
#........# #......
##....#### #......
#......# #......
####.#.#####......
#.#............


You could see 3 orc priests, 2 orc wizards, 3 orcs, a goblin and 2 bats.

Vanquished Creatures
  A leopard gecko (D:3)
  2 orcs (D:3)
  5 hobgoblins
  2 jackals (D:2)
  A kobold (D:1)
  2 bats (D:3)
  A rat (D:1)
14 creatures vanquished.

Notes
Turn   | Place    | Note
-------+----------+-------------------------------------------
     0 | D:1      | Lanoc the Formicid Fighter began the quest for the Orb.
     0 | D:1      | Reached XP level 1. HP: 18/18 MP: 1/1
   135 | D:2      | Reached XP level 2. HP: 20/24 MP: 2/2
   571 | D:3      | Reached XP level 3. HP: 28/29 MP: 3/3
   574 | D:3      | Slain by an orc priest

Illustrated notes

Levels and vault maps discovered:
D:1:      eino_arrival_cavern_b, layout_loops_ring, corner_web_ring,
          chequers_serial_rivers_large_a
D:2:      layout_loops_ring, fiery_altar_vehumet, kennysheep_slug_shrine
D:3:      layout_basic, lemuel_another_geyser, uniq_crazy_yiuf_cottage,
          uniq_robin

Action                   || total
-------------------------++-------
Melee: War axe           ||    44
  Use: Potion            ||     2
Armor: Scale mail        ||    15
       Plate armour      ||    10
Dodge: Dodged            ||    17
Block: Kite shield       ||    33

Table legend: (Time is in decaauts)
 A = Elapsed time spent in this place.
 B = Non-inter-level travel time spent in this place.
 C = Inter-level travel time spent in this place.
 D = Time resting spent in this place.
 E = Time spent auto-exploring this place.
 F = Levels seen in this place.
 G = Mean time per level.
                   A        B        C        D        E       F      G
               +--------+--------+--------+--------+--------+-----+--------+
         Total |    594 |    585 |      9 |      0 |    448 |   3 |  198.0 |
       Dungeon |    594 |    585 |      9 |      0 |    448 |   3 |  198.0 |
               +--------+--------+--------+--------+--------+-----+--------+

Top non-repeatable levels by time:
     D:3: 342 daAuts
     D:1: 133 daAuts
     D:2: 117 daAuts
